 Dungeon Crawl Stone Soup version 0.30-a0-1112-gfb780f5df6 (webtiles) character file.

Game seed: 2423646611202035170

2086 BlueFish the Covert (level 9, -14/58 HPs)
             Began as an Octopode Warper on Apr 19, 2023.
             Shot with a bolt by an orc warrior (18 damage)
             ... in a bailey.
             The game lasted 00:15:13 (8402 turns).

BlueFish the Covert (Octopode Warper)               Turns: 8402, Time: 00:15:14

Health: -14/58     AC:  1    Str: 14    XL:     9   Next: 27%
Magic:  12/15      EV: 14    Int: 15    God:
Gold:   459        SH:  0    Dex: 12    Spells: 5/16 levels left

rFire   . . .      SeeInvis .    a - +1 whip (elec)
rCold   . . .      Faith    .    (no shield)
rNeg    . . .      Spirit   .    (helmet restricted)
rPois   .          Reflect  .    (no amulet)
rElec   .          Rampage  .    (no ring)
rCorr   .                        (no ring)
Will    .....                    (no ring)
Stlth   +++++                    (no ring)
HPRegen 0.29/turn                (no ring)
MPRegen 0.14/turn                (no ring)
                                 (no ring)
                                 (no ring)

@: on blink cooldown
A: almost no armour, amphibious, 8 rings, camouflage 1, gelatinous body 1,
(nimble swimmer 1), tentacles
a: no special abilities


You were in a bailey.
You visited 2 branches of the dungeon, and saw 8 of its levels.
You also visited: Ossuary and Bailey.

You collected 459 gold pieces.

Inventory:

Hand Weapons
 a - a +1 whip of electrocution (weapon)
 b - a +0 sling
 s - a +0 mace
 I - a +2 flail of draining
Missiles
 c - 4 boomerangs of dispersal (quivered)
 e - 70 stones
 j - 5 datura-tipped darts
 q - 22 poisoned darts
 r - 3 boomerangs
 u - 2 throwing nets
 H - a curare-tipped dart
Jewellery
 G - a ring of poison resistance
Scrolls
 d - 3 scrolls of teleportation
 l - 4 scrolls of noise
 p - 4 scrolls of vulnerability
 t - a scroll of enchant armour {unknown}
 w - a scroll of immolation {unknown}
 y - a scroll of silence
 z - a scroll of poison {unknown}
 A - 2 scrolls of fear {unknown}
 D - a scroll of fog {unknown}
 J - a scroll of enchant weapon {unknown}
Potions
 f - 4 potions of lignification
 g - 2 potions of resistance
 h - 5 potions of curing {unknown}
 k - a potion of might {unknown}
 m - 2 potions of ambrosia {unknown}
 n - 3 potions of heal wounds
 o - a potion of haste {unknown}
 v - a potion of cancellation {unknown}
 x - a potion of mutation {unknown}
 B - a potion of brilliance {unknown}
 C - a potion of invisibility {unknown}
 E - a potion of berserk rage {unknown}
 F - a potion of magic {unknown}


   Skills:
 + Level 4.2 Fighting
 + Level 4.4 Maces & Flails
 + Level 3.5 Ranged Weapons
 + Level 3.8 Throwing
 + Level 4.6 Dodging
 * Level 8.0 Stealth
 + Level 4.0 Spellcasting
 + Level 4.9 Translocations


You had 5 spell levels left.
You knew the following spells:

 Your Spells              Type           Power      Damage    Failure   Level
a - Blink                 Tloc           34%        N/A       3%          2
b - Lesser Beckoning      Tloc           34%        N/A       3%          2
c - Teleport Other        Tloc           17%        N/A       7%          3
d - Manifold Assault      Tloc           17%        N/A       24%         4

Your spell library contained the following spells:

 Spells                   Type           Power      Damage    Failure   Level
 Magic Dart               Conj           12%        1d3       19%         1
 Vhi's Electric Charge    Tloc/Air       20%        N/A       19%         3
 Call Imp                 Summ           6%         N/A       26%         2
 Ensorcelled Hibernation  Hex/Ice        6%         N/A       26%         2
 Mephitic Cloud           Conj/Pois/Air  3%         N/A       47%         3
 Spider Form              Tmut/Pois      3%         N/A       47%         3
 Anguish                  Hex/Necr       1%         N/A       87%         4


Dungeon Overview and Level Annotations

Branches:
Dungeon (7/15)             Temple (1/1) D:5         Ossuary (visited)
 Bailey (1/1)

Altars:
Ashenzari
Dithmenos
Elyvilon
Fedhas
Gozag
Hepliaklqana
Kikubaaqudgha
Makhleb
Nemelex Xobeh
Okawaru
Qazlal
Ru
Trog
Uskayaw
Vehumet
Wu Jian
Xom
Yredelemnul
Zin
The Shining One


Innate Abilities, Weirdness & Mutations

You cannot wear most types of armour.
You are amphibious.
You can wear up to eight rings at the same time.
Your skin changes colour to match your surroundings (Stealth+).
Your rubbery body absorbs attacks. (AC +1, EV +1)
((You are camouflaged when in or above water. (Stealth+)))
You have tentacles for arms and can constrict up to eight enemies at once.


Message History

The orc warrior is almost dead.
You constrict the orc warrior.
You kill the orc warrior!
The orc warrior misses you.
Your Stealth skill increases to level 8!
You barely miss the orc warrior. You grab the orc warrior.
You squeeze the orc warrior, but do no damage.
You constrict the orc warrior, but do no damage.
The orc warrior struggles to escape constriction.
You hit the orc warrior.
You tentacle-slap the orc warrior, but do no damage.
The orc warrior is lightly wounded.
You constrict the orc warrior.
The orc warrior escapes!
You hit the orc warrior but do no damage.
You grab the orc warrior.
The orc warrior is moderately wounded.
You constrict the orc warrior, but do no damage.
The orc warrior shoots a bolt.
The bolt closely misses you.
You hit the orc warrior but do no damage.
You tentacle-slap the orc warrior, but do no damage.
The orc warrior is moderately wounded.
You constrict the orc warrior, but do no damage.
The orc warrior barely misses you.
The orc unwields a +0 arbalest.
The orc closely misses you.
You hit the orc. Lightning courses through the orc!
You kill the orc!
You constrict the orc warrior, but do no damage.
The orc warrior hits you!
You hit the orc warrior.
The orc warrior is moderately wounded.
You constrict the orc warrior.
The orc warrior shoots a bolt.
The bolt hits you!
* * * LOW HITPOINT WARNING * * *
The orc warrior closely misses you.
Casting: Lesser Beckoning (safe; 3% risk of failure)
Confirm with . or Enter, or press ? or * to list all spells.
You blink.
You lose your grip on the orc warrior.
The orc warrior wields a +0 arbalest.
The orc warrior shoots a bolt.
The bolt hits you!!
You die...

#.∩............
#..............
#...............
#......≈≈≈≈≈....
#.....≈≈###≈≈...
#.....≈##.##≈..
#.....≈#.......
#.....≈##o∩#≈. .
#...@.≈≈#)##≈...
#......≈§o≈≈≈...
#..............#
#.............##
#.............#
#............##
#............#
#............#
............#


You could see an orc warrior.

Vanquished Creatures
  A water moccasin (D:4)
  An orc warrior (Bailey)
  2 ice beasts (D:5)
  A sky beast (D:7)
  An ogre (D:4)
  2 phantoms
  A kobold brigand (D:6)
  An elf zombie (Ossuary)
  A bullfrog (D:6)
  3 scorpions (D:5)
  3 wights (D:6)
  A human zombie (Ossuary)
  2 jellies
  An orc priest (D:5)
  A gnoll bouda (D:4)
  5 hounds
  A sleepcap (D:6)
  3 iguanas
  4 orc wizards
  3 mummies (Ossuary)
  4 gnolls (D:4)
  7 adders
  2 shadow imps (D:6)
  2 white imps
  An ufetubus (D:5)
  2 worms
  5 dart slugs
  18 orcs
  5 bats
  9 endoplasms
  3 giant cockroaches
  10 goblins
  4 hobgoblins
  4 jackals (D:2)
  5 quokkas
  5 frilled lizards
  4 goblin zombies (Ossuary)
  A hobgoblin zombie (Ossuary)
  16 kobolds
  7 kobold zombies (Ossuary)
  2 quokka zombies (Ossuary)
  11 rats
  2 rat zombies (Ossuary)
167 creatures vanquished.

Notes
Turn   | Place    | Note
-------+----------+-------------------------------------------
     0 | D:1      | BlueFish the Octopode Warper began the quest for the Orb.
     0 | D:1      | Reached XP level 1. HP: 14/14 MP: 3/3
   187 | D:1      | Reached skill level 1 in Stealth
   187 | D:1      | Reached XP level 2. HP: 14/19 MP: 5/5
   190 | D:1      | Learned a level 2 spell: Blink
   193 | D:1      | Learned a level 2 spell: Lesser Beckoning
   819 | D:1      | Reached XP level 3. HP: 23/24 MP: 6/6
   972 | D:2      | Reached skill level 2 in Stealth
  1766 | D:2      | Reached XP level 4. HP: 29/29 MP: 7/7
  1770 | D:2      | Learned a level 3 spell: Teleport Other
  2072 | D:3      | HP: 1/30 [something (1)]
  2190 | D:3      | Reached skill level 3 in Stealth
  2394 | D:3      | Reached XP level 5. HP: 27/35 MP: 8/8
  3039 | D:4      | Reached skill level 1 in Ranged Weapons
  3148 | D:4      | Found an iron altar of Okawaru.
  3326 | D:4      | Found a sacrificial altar of Ru.
  3327 | D:4      | Found an ornate altar of the Wu Jian Council.
  3367 | D:4      | Noticed an ogre
  3373 | D:4      | Noticed a phantom
  3400 | D:4      | Reached skill level 4 in Stealth
  3400 | D:4      | Reached XP level 6. HP: 41/41 MP: 9/9
  3409 | D:4      | Noticed a water moccasin
  3454 | D:4      | Found an opulent altar of Gozag.
  4572 | D:4      | Reached XP level 7. HP: 25/46 MP: 8/11
  4696 | D:4      | Reached skill level 5 in Stealth
  4871 | D:5      | Entered Level 5 of the Dungeon
  4899 | D:5      | Found a sand-covered staircase.
  4906 | Ossuary  | Entered an ossuary
  5419 | D:5      | Reached XP level 8. HP: 16/52 MP: 12/12
  5617 | D:5      | Found a staircase to the Ecumenical Temple.
  5643 | Temple   | Entered the Ecumenical Temple
  5748 | D:5      | Reached skill level 6 in Stealth
  6249 | D:5      | Found a bloodstained altar of Trog.
  6338 | D:5      | Found a faded altar of an unknown god.
  6338 | D:5      | Found a faded altar of an unknown god.
  6340 | D:5      | Found a hazy altar of Hepliaklqana.
  6999 | D:5      | Reached skill level 7 in Stealth
  7465 | D:6      | Reached XP level 9. HP: 57/58 MP: 11/14
  7470 | D:6      | Learned a level 4 spell: Manifold Assault
  8318 | D:7      | Found a flagged portal.
  8332 | Bailey   | Entered a bailey
  8396 | Bailey   | Reached skill level 8 in Stealth
  8402 | Bailey   | Shot with a bolt by an orc warrior

Illustrated notes

Levels and vault maps discovered:
D:1:      wander_arrival_fairy_ring, layout_loops_corners
D:2:      layout_basic
D:3:      layout_rooms
D:4:      layout_layer_cave, okawaru_gym_becter, grunt_temple_overflow_open
D:5:      layout_gridville, nicolae_hepliaklqana_ecumenical_no_more,
          trog_butcher_becter, minmay_temple_entry_stoned_glass,
          chequers_ossuary_entry_cave
D:6:      layout_loops_ring, minmay_misc_feat_square
D:7:      layout_basic, enter_bailey_3, minmay_misc_feat_doors
Temple:   nicolae_temple_ecumenical_triangle
Bailey:   bailey_polearm_2, bailey

Skill      XL: |  1  2  3  4  5  6  7  8  9 |
---------------+----------------------------+-----
Stealth        | 1 2 3 4 5 7 8 |  8.0
Dodging        | 3 4 |  4.6
Ranged Weapons | 1 2 3 |  3.5
Throwing       | 2 3 |  3.8
Maces & Flails | 3 4 |  4.4
Fighting       | 3 4 |  4.2
Spellcasting   | 3 4 |  4.0
Translocations | 4 |  4.9

Action                     |  1- 3 |  4- 6 |  7- 9 || total
---------------------------+-------+-------+-------++-------
  Melee: Mace              |    74 |    47 |       ||   121
         Tentacles         |    18 |    16 |    45 ||    79
         Constrict         |    14 |    19 |    37 ||    70
         Punch             |     2 |       |     3 ||     5
         Flail             |       |    38 |   138 ||   176
         Whip              |       |       |    55 ||    55
   Fire: Sling             |     7 |    76 |   141 ||   224
  Throw: Boomerang         |       |     3 |       ||     3
         Dart              |       |     6 |     5 ||    11
   Cast: Lesser Beckoning  |       |     3 |     3 ||     6
         Blink             |       |     1 |     1 ||     2
         Teleport Other    |       |       |     2 ||     2
    Use: Scroll            |       |     1 |    10 ||    11
   Stab: Sleeping          |     5 |       |     3 ||     8
         Distracted        |     1 |       |       ||     1
 Armour: Skin              |     8 |     8 |     8 ||    24
  Dodge: Dodged            |    46 |    60 |   128 ||   234

Table legend: (Time is in decaauts)
 A = Elapsed time spent in this place.
 B = Non-inter-level travel time spent in this place.
 C = Inter-level travel time spent in this place.
 D = Time resting spent in this place.
 E = Time spent auto-exploring this place.
 F = Levels seen in this place.
 G = Mean time per level.
                   A        B        C        D        E       F      G
               +--------+--------+--------+--------+--------+-----+--------+
         Total |   8478 |   8182 |    296 |    524 |   6084 |  10 |  847.8 |
       Dungeon |   7901 |   7623 |    278 |    524 |   5725 |   7 | 1128.7 |
        Temple |     43 |     25 |     18 |      0 |     18 |   1 |   43.0 |
       Ossuary |    466 |    466 |      0 |      0 |    296 |   1 |  466.0 |
        Bailey |     67 |     67 |      0 |      0 |     45 |   1 |   67.0 |
               +--------+--------+--------+--------+--------+-----+--------+

Top non-repeatable levels by time:
     D:4: 1930 daAuts
     D:5: 1796 daAuts
     D:2: 1263 daAuts
     D:6: 1018 daAuts
     D:1: 965 daAuts
     D:3: 764 daAuts
 Ossuary: 466 daAuts
     D:7: 161 daAuts
  Bailey: 67 daAuts
  Temple: 43 daAuts
